[Event "FRA-ch Teams Top 16-Bas 2022"]
[Site "Chartres"]
[Date "2022.06.16"]
[Round "8.1"]
[White "Malakhov, Vladimir"]
[Black "Di Nicolantonio, Lucas"]
[Result "1-0"]
[ECO "D46"]
[WhiteElo "2652"]
[BlackElo "2399"]
[Annotator "TA"]
[PlyCount "95"]
[EventDate "2022.06.16"]
[EventType "team-tourn"]
[EventCountry "FRA"]
[SourceTitle "playchess.com"]
[Source "ChessBase"]
[SourceQuality "1"]
[TimeControl "40/5400+30:1800+30"]

1. c4 c6 2. Nf3 d5 3. e3 Nf6 4. Nc3 e6 5. b3 Bd6 6. Bb2 O-O 7. d4 Nbd7 8. Bd3 Re8 {[%emt 0:03:46] D46: Semi-Slav: 5 e3 Nbd7 6 Bd3, Black avoids the Meran.} 9. h3 dxc4 10. Bxc4 b5 {[%emt 0:02:58] The position is equal.} 11. Bd3 Bb7 {[%emt 0:04:58] [#]} 12. O-O $146 ({Predecessor:} 12. Qc2 Rc8 13. Ng5 h6 14. Nge4 Be7 15. O-O c5 16. dxc5 b4 17. Na4 Bxe4 18. Bxe4 Nxc5 19. Nxc5 Rxc5 20. Qb1 Nxe4 {½-½ (20) Bakhmatsky,V (2443)-Loiseau,Q (2465) Cappelle la Grande 2022}) 12... h6 13. Ne4 Nxe4 14. Bxe4 f5 15. Bd3 a6 16. e4 e5 17. b4 (17. exf5 $2 e4 18. Re1 exd3 19. Qxd3 Qc7 $19) 17... c5 18. dxc5 {[%emt 0:11:48] [#] Strongly threatening Rc1.} (18. bxc5 {feels hotter.} Bf8 19. Rc1 Rc8 20. c6) 18... fxe4 19. Bxe4 Bxe4 20. cxd6 ({Don't play} 20. Qxd6 Bxf3 21. gxf3 Qg5+ 22. Kh2 (22. Kh1 Qf5 $11) 22... Qf4+ 23. Kg2 Qg5+ 24. Kh2 (24. Kh1 Qf5 $11) 24... Qf4+ 25. Kg2 Qg5+ 26. Kh2 $11 (26. Kh1 Qf5 $11)) 20... Qf6 21. Re1 Bxf3 22. Qxf3 Qxf3 23. gxf3 Re6 {[%emt 0:01:56] [#]} (23... Rac8 $14) 24. f4 $1 $16 e4 25. Rac1 $36 {[%emt 0:06:59][%cal Ob2e5][%mdl 2048] White is in control.} Rf8 26. Rc7 Rf7 ({Black should play} 26... Rxd6 27. Rxe4 Rf7) 27. Rc6 {[%emt 0:08:38] White is more active.} (27. Rd1 $16) 27... Rxf4 $14 28. Rxa6 Kh7 {[%emt 0:01:51] White leaves nothing to chance now.} 29. Re3 Rf3 (29... Rf5 $16 {was called for.}) 30. Bd4 (30. Rxf3 $18 {and White stays clearly on top. aiming for Rf7.} exf3 31. Kh2) 30... Kg6 (30... Rf5 $16) 31. Kg2 $18 Rxe3 (31... Kf5 {is a better defense.} 32. Rxf3+ exf3+ 33. Kxf3 Re4) 32. fxe3 {[%emt 0:00:13][%mdl 4096] Endgame KRB-KRN} ({Less strong is} 32. Bxe3 Kf7 $16) 32... Kh5 $2 (32... Kf7 {was necessary.} 33. Kg3 Rg6+ 34. Kf4 Ke6 35. Kxe4 Rg5) 33. Kg3 {[%emt 0:01:56] White is clearly winning.} g5 34. Ra5 Rxd6 35. Rxb5 Ra6 36. Rd5 Nf8 37. Ra5 Rc6 38. Rc5 Ra6 39. Rc2 Ne6 40. b5 Ra4 41. Rb2 {[%emt 0:31:08] Hoping for b6.} Ra3 42. Kg2 Nd8 43. b6 {[%emt 0:00:00] Kg3 is the strong threat.} Nb7 44. Kg3 Ra5 45. Rf2 Nd6 46. Rf6 Nb7 47. Re6 {[%emt 0:00:00] Bg7 would kill now.} Nd8 48. Rd6 {[%emt 0:00:00] Weighted Error Value: White=0.14 (very precise) /Black=0.38} 1-0

[Event "FRA-ch Teams Top 16-Bas 2022"]
[Site "Chartres"]
[Date "2022.06.16"]
[Round "8.2"]
[White "Duboue, Peio"]
[Black "Van Foreest, Lucas"]
[Result "0-1"]
[ECO "C54"]
[WhiteElo "2426"]
[BlackElo "2572"]
[Annotator "TA"]
[PlyCount "96"]
[EventDate "2022.06.16"]
[EventType "team-tourn"]
[EventCountry "FRA"]
[SourceTitle "playchess.com"]
[Source "ChessBase"]
[SourceQuality "1"]
[TimeControl "40/5400+30:1800+30"]

1. e4 e5 2. Nf3 Nc6 3. Bc4 Nf6 4. d3 Bc5 5. O-O O-O 6. h3 d6 7. c3 a5 {[%emt 0:00:04] C54: Giuoco Piano: 4 c3 Nf6, main lines with 5 d4 and 5 d3.} 8. Re1 Be6 9. Nbd2 Ba7 {[%emt 0:01:30] [#] The position is equal.} 10. Nf1 $146 {[%emt 0:01:07] [#]} (10. Bb5 $11) ({Predecessor:} 10. Bb5 Ne7 11. d4 Ng6 12. Ba4 Nh5 13. Nf1 Nhf4 14. Ng3 exd4 15. Nxd4 Bxd4 16. cxd4 {0-1 (39) Dominguez Perez,L (2752)-So,W (2772) Berlin 2022}) 10... Nxe4 $1 $15 11. Rxe4 {[%emt 0:07:56] Strongly threatening Bxe6.} d5 12. Bxd5 Qxd5 13. Ne3 Qd6 14. Nc4 $1 Bxc4 15. Rxc4 Rad8 16. Ne1 h6 17. Qf3 ({Better is} 17. Qb3 $15 Rb8 18. Re4) 17... f5 $19 18. Qg3 Rf6 19. a4 Qd5 {[%emt 0:06:38] Threatens to win with ...e4.} 20. b3 Bc5 ({Black should try} 20... Qf7 21. Ra2 Rg6) 21. Ra2 b6 {[%emt 0:04:38] Black is more active.} 22. Re2 Kh7 23. h4 (23. Qh4 $15) 23... e4 $17 24. d4 Bd6 25. Bf4 Rg6 $36 {[%emt 0:00:27][%mdl 2048] Keeping White busy.} 26. Qe3 Rg4 27. Bxd6 Qxd6 (27... cxd6 28. f3 Rg6 29. fxe4 fxe4 30. Nc2 $15 (30. Qxe4 $2 Qxe4 31. Rxe4 d5 $19)) (27... Rxd6 28. g3 $15) 28. Nc2 $2 {[%emt 0:02:27][%mdl 8192] [#]} (28. Qh3 $17 {is tougher.}) 28... Ne7 $1 $19 (28... Rxh4 29. Qg3 Rh5 30. Qxd6 Rxd6 31. g3 $15) 29. Qc1 Nd5 (29... Rxh4 30. g3 Qg6 31. Ne3 $19 (31. Rxc7 $2 Nd5 $19)) (29... b5 30. Rc5 $17) 30. Ne3 Rxh4 ({And not} 30... Nxe3 31. Qxe3 Re8 32. h5 $19 (32. g3 $2 f4 $19)) 31. g3 {[%emt 0:00:10] [#]} Nxe3 32. Qxe3 (32. Rxe3 Rg4) 32... Rg4 33. d5 Qxd5 {[%emt 0:00:37] ...c5 is the strong threat.} 34. Rd4 Qg8 35. Rxd8 Qxd8 {[%emt 0:00:02][%mdl 4096] Endgame KQR-KQR} 36. Rd2 {[%emt 0:00:05] Prevents Qd1+.} Qe7 37. Rd4 (37. Kf1 {was called for.}) 37... h5 38. Rd5 Qe6 39. Qd4 e3 40. Qe5 Qxe5 41. Rxe5 Re4 {[%emt 0:30:10] ( -> ...e2)} 42. Rxe4 fxe4 43. fxe3 {[%emt 0:00:06] KP-KP} Kg6 {[%emt 0:00:29] Black mates.} 44. Kg2 Kg5 45. Kh3 c5 46. c4 g6 47. Kh2 Kg4 48. Kg2 g5 {[%emt 0:00:10] Weighted Error Value: White=0.78/Black=0.11 (very precise)} 0-1

[Event "FRA-ch Teams Top 16-Bas 2022"]
[Site "Chartres"]
[Date "2022.06.16"]
[Round "8.3"]
[White "Vlachos, Anatole"]
[Black "Real, Thibault"]
[Result "1-0"]
[ECO "B52"]
[WhiteElo "2410"]
[BlackElo "2262"]
[Annotator "TA"]
[PlyCount "71"]
[EventDate "2022.06.16"]
[EventType "team-tourn"]
[EventCountry "FRA"]
[SourceTitle "playchess.com"]
[Source "ChessBase"]
[SourceQuality "1"]
[TimeControl "40/5400+30:1800+30"]

1. e4 c5 2. Nf3 d6 3. Bb5+ Bd7 4. Bxd7+ Qxd7 5. c4 e5 6. Nc3 Nc6 7. d3 Be7 {[%emt 0:00:06] B52: Sicilian: Moscow Variation with 3...Bd7.} 8. Rb1 {[%emt 0:01:23] 8.a3 is setting a new trend.} Bd8 9. O-O Nge7 {[%emt 0:00:04] White is slightly better.} 10. a3 O-O 11. b4 f5 12. bxc5 dxc5 13. Nd5 {[%emt 0:00:10] [#]} Ng6 $146 ({Predecessor:} 13... Ba5 14. Bb2 Ng6 15. Ng5 h6 16. exf5 Qxf5 17. Ne4 b6 18. Ne3 Qf7 19. g3 Rad8 {½-½ (108) Tari,A (2593)-Agdestein,S (2604) Stavanger 2017}) 14. Re1 Ba5 15. exf5 Rxf5 16. Re4 Raf8 17. Be3 Nd4 18. Bxd4 exd4 19. Rb2 (19. Qe2 $5 Bd8 20. Re6 $11) 19... Bc7 20. Nh4 Nxh4 21. Rxh4 Qf7 22. Qe1 {[%emt 0:02:45] Hoping for Ne7+.} Ba5 $2 23. Ne7+ $1 $18 ({Worse is} 23. Qxa5 Rxf2 24. Ne7+ Qxe7 25. Rxf2 Rxf2 $15) 23... Kh8 24. Qe4 Rh5 25. Rxh5 Qxh5 26. Re2 (26. g3 $1 $18) 26... Bc7 $16 27. g3 $40 {[%emt 0:02:39][%mdl 128] White attacks with force.} Qf3 $2 {[%emt 0:01:03][%mdl 8192] [#]} (27... Bd6 $16) 28. Qxf3 $1 $18 (28. Nd5 Qxe4 29. dxe4 (29. Rxe4 Bd6 $14) 29... Ba5 $14) 28... Rxf3 {[%emt 0:00:01][%mdl 4096] Endgame KRB-KRN} 29. Nd5 {[%emt 0:00:08] Threatening mate with Re8+.} Bd6 {[%emt 0:03:40] [#]} 30. Re6 $1 Bf8 31. Nf4 ({Not} 31. Re8 Rf7 $16) 31... g5 $2 (31... Kg8 32. Kg2 Rxf4) 32. Kg2 {[%emt 0:00:18] White is clearly winning.} g4 33. h3 h5 34. hxg4 hxg4 35. Rg6 b5 36. Rxg4 {[%emt 0:00:39] Weighted Error Value: White=0.08 (flawless) /Black=0.54} 1-0

[Event "FRA-ch Teams Top 16-Bas 2022"]
[Site "Chartres"]
[Date "2022.06.16"]
[Round "8.4"]
[White "Eugene, Floryan"]
[Black "Shchekachev, Andrei"]
[Result "1/2-1/2"]
[ECO "C54"]
[WhiteElo "2370"]
[BlackElo "2508"]
[Annotator "TA"]
[PlyCount "37"]
[EventDate "2022.06.16"]
[EventType "team-tourn"]
[EventCountry "FRA"]
[SourceTitle "playchess.com"]
[Source "ChessBase"]
[SourceQuality "1"]
[TimeControl "40/5400+30:1800+30"]

1. e4 e5 2. Nf3 Nc6 3. Bc4 Nf6 4. d3 h6 5. O-O Bc5 6. c3 d6 7. Re1 O-O 8. h3 Bb6 $1 {[%emt 0:00:50][%mdl 4] 8...Bb6 is a critical line. C54: Giuoco Piano: 4 c3 Nf6, main lines with 5 d4 and 5 d3.} 9. a4 a5 10. Na3 Ne7 {[%emt 0:06:17] The position is equal.} 11. Bb3 c6 12. d4 Ng6 13. Nc4 Bc7 {[%emt 0:01:02] [#]} 14. Bc2 $146 ({Predecessor:} 14. d5 Re8 15. Bc2 Ne7 16. dxc6 bxc6 17. b4 axb4 18. cxb4 Be6 19. Qe2 Ng6 20. Rd1 {0-1 (29) Maiwald,J (2474)-Tomashevsky,E (2701) Rijeka 2010}) 14... exd4 15. Nxd4 Re8 16. Bd2 d5 17. exd5 {[%emt 0:00:18] [#] Black must now prevent Rxe8+.} Re5 18. Re2 $2 (18. Nxe5 $18 Nxe5 19. Bf4) 18... Rxe2 19. Qxe2 {[%emt 0:03:43] Weighted Error Value: White=0.59/Black=0.58} 1/2-1/2

[Event "FRA-ch Teams Top 16-Bas 2022"]
[Site "Chartres"]
[Date "2022.06.16"]
[Round "8.5"]
[White "Abergel, Thal"]
[Black "Hutois, Mickael"]
[Result "0-1"]
[ECO "E39"]
[WhiteElo "2378"]
[BlackElo "2238"]
[Annotator "TA"]
[PlyCount "98"]
[EventDate "2022.06.16"]
[EventType "team-tourn"]
[EventCountry "FRA"]
[SourceTitle "playchess.com"]
[Source "ChessBase"]
[SourceQuality "1"]
[TimeControl "40/5400+30:1800+30"]

1. d4 Nf6 2. c4 e6 3. Nc3 Bb4 4. Qc2 c5 5. dxc5 O-O 6. a3 Bxc5 7. b4 (7. Nf3 $14) 7... Be7 $11 {[%emt 0:00:00] E39: Nimzo-Indian: Classical: 4...c5 5 dxc5 0-0.} (7... Bd4 8. Bb2 $14) 8. Bb2 a5 9. b5 b6 {[%emt 0:00:00] The position is equal.} 10. Nf3 Bb7 11. e3 d6 12. Be2 Nbd7 13. O-O Rc8 {[%emt 0:00:00] [#]} 14. Nd2 $146 ({Predecessor:} 14. Rfd1 Rc7 15. Rac1 Qa8 16. Qb1 Rfc8 17. h3 Nc5 18. Ba1 h6 19. Qb2 Bf8 20. Rc2 {0-1 (34) Risting,E (2309)-Grigoriants,S (2568) Chess.com INT 2018}) 14... Rc7 15. Rfc1 Qa8 16. Bf1 Rfc8 17. Qd1 Nc5 18. Nb3 Nfd7 19. Nxc5 Rxc5 20. Na4 Rg5 21. f4 Rg6 22. g3 (22. Rc2 $15) 22... h5 $1 $17 {[%emt 0:00:00][%cal Bh7h5,Bh5h4,Bh4h3][%mdl 32] White must now prevent ...h4.} 23. Kf2 (23. Qxh5 $2 Bf3 24. Bg2 (24. Qh3 $2 Rh6 $19) 24... Bxg2 $19) (23. Bd3 $17 {might work better.} Bf3 24. Be2 Bxe2 25. Qxe2) 23... h4 $19 24. g4 h3 $1 25. g5 f6 $1 26. gxf6 {[%emt 0:18:22] [#]} (26. Qc2 {was worth a try.} Be4 27. Bd3 Bxd3 28. Qxd3 Qg2+ 29. Ke1 Qh1+ 30. Kd2 Qxh2+ 31. Kc3) 26... Bg2 $1 27. Qh5 {[%emt 0:07:33] [#]} (27. fxe7 Bxf1 28. Qxf1 Rg2+ 29. Ke1 Rxh2) (27. Be2 Nxf6) 27... Rh6 $2 ({Black should play} 27... Nxf6 $1 $19 28. Nxb6 (28. Bxf6 Bxf6) 28... Nxh5 29. Nxa8 Bxf1 30. Rxf1 Rg2+ 31. Kf3 Rxb2) 28. f7+ $2 (28. Qg4 $1 $11 {and White has nothing to worry.} Bxf6 29. Bxg2 Qxg2+ 30. Qxg2 hxg2 31. Bxf6 gxf6 32. Kxg2) 28... Kf8 29. Qg4 {[%emt 0:00:07][%csl Gb2][%cal Rg4g7] [#]} Rg6 {[%emt 0:00:00] Really sharp!} 30. Qxg6 (30. Bxg2 Qxg2+ 31. Qxg2 Rxg2+ 32. Kf3) 30... Qf3+ 31. Ke1 Qxf1+ 32. Kd2 {[%emt 0:00:01][%csl Gg6][%cal Rb2g7] White does not recover from this.} Qf2+ 33. Kd3 e5 34. fxe5 dxe5 {[%emt 0:00:48] Threatens to win with ...e4+.} 35. Kc3 Bd5 {[%emt 0:03:15][%mdl 64] Discovered Attack. This bishop pair is nice.} 36. Kb3 Qxe3+ ({Stronger than} 36... Bxf7 37. Qd3 Rd8 38. Qh7 $11) 37. Bc3 Rxc4 38. Kb2 Rxa4 39. Rc2 Bxf7 40. Qf5 Nc5 {[%emt 0:00:41] ( -> ...Nd3+)} 41. Qc8+ Be8 {[%emt 0:00:21] ...Rc4 is the strong threat.} 42. Rf1+ Bf6 43. Qd8 Rg4 {[%emt 0:03:49] Hoping for ...Na4+.} 44. Qd6+ Kg8 {[%emt 0:01:28][%cal Bf8g8,Bg8f7,Bf7g6][%mdl 32] aiming for ...Rg2.} 45. Qb8 Kf7 46. Qc7+ Kg6 {[%emt 0:01:10] Strongly threatening ...Rg2.} 47. Qc8 Bd7 {[%emt 0:01:00] Black mates.} 48. Qg8 Rg2 49. Qc4 Be6 {[%emt 0:00:29] Weighted Error Value: White=0.75/Black=0.30} 0-1

[Event "FRA-ch Teams Top 16-Bas 2022"]
[Site "Chartres"]
[Date "2022.06.16"]
[Round "8.6"]
[White "Prodhomme, Boris"]
[Black "Flom, Gabriel"]
[Result "1/2-1/2"]
[ECO "A56"]
[WhiteElo "2045"]
[BlackElo "2442"]
[Annotator "TA"]
[PlyCount "95"]
[EventDate "2022.06.16"]
[EventType "team-tourn"]
[EventCountry "FRA"]
[SourceTitle "playchess.com"]
[Source "ChessBase"]
[SourceQuality "1"]
[TimeControl "40/5400+30:1800+30"]

1. d4 Nf6 2. c4 c5 3. d5 e5 4. Nc3 d6 5. e4 Nbd7 6. Nf3 Be7 7. h3 Nf8 8. Be3 {[%emt 0:06:16] A56: Czech Benoni.} Ng6 9. g3 a6 10. Qc2 {[%emt 0:11:41] [#] White is more active. White is better.} h6 $146 ({Predecessor:} 10... Bd7 11. Qb3 O-O 12. Be2 h5 13. a4 Nh7 14. O-O-O h4 15. gxh4 Nxh4 16. Rdg1 Rb8 {1-0 (53) Shen,Y (2444)-Hou,Y (2570) China 2010}) 11. Nd2 O-O 12. O-O-O Bd7 13. Be2 b5 14. Rdg1 $1 Qa5 15. Kb1 $1 b4 {[%emt 0:00:02] [#]} 16. Nd1 Ba4 17. b3 Bd7 18. h4 Rfe8 19. g4 Nh7 20. g5 hxg5 21. hxg5 Qd8 22. Bh5 (22. Nf3 $142) 22... Nxg5 $16 23. Bxg6 fxg6 24. Rg3 {[%emt 0:00:36] Against Nh3} Rf8 25. Bxg5 (25. Nb2 $16) 25... Bxg5 $11 26. Rhg1 {[%emt 0:01:22] [#]} (26. Nf3 $11 {remains equal.} Bf4 27. Rxg6) 26... Bxd2 (26... Bh6 $1 $17) 27. Qxd2 Be8 28. f3 $1 Rf4 (28... a5 {keeps more tension.} 29. Rh1 a4 30. Qh2 Qf6) 29. Nf2 (29. Ne3 $11) 29... a5 ({Black should try} 29... Rh4 $1 $15) 30. Nh3 (30. Nd3 $11 Rh4 31. f4) 30... Rh4 $17 31. Ng5 a4 {[%emt 0:01:13] Threatens to win with ...axb3.} 32. Ne6 Qe7 {[%emt 0:00:09] Hoping for ...axb3.} 33. Qg5 Qxg5 34. Rxg5 Ra7 {[%emt 0:03:09] Prevents Nc7.} 35. R5g4 Rh6 36. Ng5 $2 (36. bxa4 $11 Rh2 37. f4) 36... Rh2 ({Better is} 36... Bd7 $19 37. R4g2 Rh4) 37. R4g2 $11 Rxg2 38. Rxg2 $15 {[%emt 0:00:01][%mdl 4096] Endgame KRB-KRN} Bd7 39. Rg3 Ra8 40. Kb2 a3+ ({Black should play} 40... Kf8 $15 41. Rg1 Ke7) 41. Kc2 $11 {[%emt 0:04:49] The position is equal.} Rf8 {[%emt 0:02:46] White must now prevent ...Rf4.} 42. Rg2 Rf4 {[%emt 0:00:32] ...Rh4 is the strong threat.} 43. Rh2 {[%emt 0:00:11] Inhibits Rh4.} Kf8 44. Kd3 Ke7 45. Ke3 Kf6 46. Nh7+ Ke7 47. Ng5 Kf6 48. Nh7+ {[%emt 0:00:37] Black escapes into a draw.  Weighted Error Value: White=0.23 (precise) /Black=0.20 (precise)} 1/2-1/2

[Event "FRA-ch Teams Top 16-Bas 2022"]
[Site "Chartres"]
[Date "2022.06.16"]
[Round "8.7"]
[White "Kuhn, Clement"]
[Black "Le Pen, Steven"]
[Result "1-0"]
[ECO "D91"]
[WhiteElo "2280"]
[BlackElo "2090"]
[Annotator "NA RC"]
[PlyCount "73"]
[EventDate "2022.06.16"]
[EventType "team-tourn"]
[EventCountry "FRA"]
[SourceTitle "playchess.com"]
[Source "ChessBase"]
[SourceQuality "1"]
[TimeControl "40/5400+30:1800+30"]

1. d4 Nf6 2. c4 g6 3. Nc3 d5 4. Nf3 Bg7 5. Bg5 Ne4 6. Bf4 Nxc3 7. bxc3 dxc4 8. e3 Be6 9. Qb1 b6 10. Ng5 Bd5 11. e4 h6 12. Nf3 Bb7 13. Bxc4 c5 14. O-O cxd4 15. cxd4 O-O 16. d5 Nd7 17. e5 Rc8 18. Rc1 Rxc4 19. Rxc4 Bxd5 20. Rd4 e6 21. Qd3 Nc5 22. Qe3 h5 23. Rad1 Qa8 24. a4 Rc8 25. h3 Bf8 26. Bh6 Nd7 27. Bxf8 Nxf8 28. Ng5 Qc6 29. Ne4 Nd7 30. Qf4 Rc7 31. Re1 Kg7 32. Kh2 Qc2 33. Nf6 Nxf6 34. exf6+ Kh7 35. Rxd5 exd5 36. Re7 Rc8 37. Rxf7+ 1-0

[Event "FRA-ch Teams Top 16-Bas 2022"]
[Site "Chartres"]
[Date "2022.06.16"]
[Round "8.8"]
[White "Ruhlmann, Helene"]
[Black "Hernandez, Lara"]
[Result "0-1"]
[ECO "D36"]
[WhiteElo "1779"]
[BlackElo "1965"]
[Annotator "TA"]
[PlyCount "148"]
[EventDate "2022.06.16"]
[EventType "team-tourn"]
[EventCountry "FRA"]
[SourceTitle "playchess.com"]
[Source "ChessBase"]
[SourceQuality "1"]
[TimeControl "40/5400+30:1800+30"]

1. d4 d5 2. c4 e6 3. Nc3 Nf6 4. cxd5 exd5 5. Bg5 c6 6. e3 Be7 7. Bd3 O-O 8. Qc2 Nbd7 9. Nge2 Re8 10. f3 Nf8 11. O-O g6 $1 {[%emt 0:00:27][%mdl 4] is more profitable than 11...Be6 at the moment.} 12. Rad1 Ne6 {[%emt 0:01:02] D36: Queen's Gambit Declined: Exchange Variation: Main line (5 Bg5 c6 6 Qc2).} 13. Bh6 {[%emt 0:00:44] [#]} b5 $146 ({Predecessor:} 13... Bd6 14. h3 Nh5 15. e4 Bf4 16. Nxf4 Nexf4 17. Kh2 Qd6 18. e5 Qe7 19. Qf2 g5 20. Bb1 Ng7 21. h4 Nfe6 22. hxg5 Nxg5 23. f4 N5e6 24. f5 Nxd4 25. Bxg7 Qg5 26. Bf6 {1-0 (26) Sowray,P (2326)-Chlost,M (2167) Hastings 2013}) 14. Nf4 Nxf4 $1 {[%emt 0:10:20] The position is equal.} 15. Bxf4 Nh5 16. Bh6 Bg5 (16... Qd6 {with more complications.} 17. g4 g5 18. Bxh7+ Kh8) 17. Bxg5 Qxg5 18. f4 Qh6 19. Rde1 f5 (19... Re7 $11) 20. Nb1 $16 Bd7 21. Nd2 Nf6 22. Nf3 Ng4 23. Qd2 Qf8 24. h3 Nf6 25. Ne5 Qd6 26. Rc1 Rac8 27. Rc5 Ne4 28. Bxe4 dxe4 (28... fxe4 {was called for.} 29. Rfc1 Rc7) 29. Rfc1 $18 Rc7 30. Qc2 Be6 31. Rxc6 Rxc6 32. Qxc6 Qxc6 33. Nxc6 ({But not} 33. Rxc6 Bxa2 34. Ra6 Bb3 $16) 33... Bxa2 34. Nxa7 {[%emt 0:00:15][%mdl 4096] Endgame KRB-KRN} Bc4 35. Nc6 Ra8 36. Ne5 (36. Rd1 $18) 36... Ra2 $14 37. b4 Ra3 38. Nxc4 bxc4 $16 {[%emt 0:00:07] KR-KR} 39. Kf2 Ra2+ 40. Kf1 $1 Ra3 41. Ke2 $1 ({Don't play} 41. Rxc4 Rxe3 42. Rc7 Rb3 $14) 41... Ra2+ (41... c3 $16 {might work better.}) 42. Kd1 $1 $18 Rxg2 43. Rb1 {[%emt 0:00:25] Inhibits Rb2.} ({White should try} 43. Rxc4 $18 {Hoping for Kc1.} Kf7 44. Kc1) 43... c3 $2 (43... Kf7 $11 {and Black has nothing to worry.}) 44. Kc1 Kf7 45. b5 {[%emt 0:04:20] Threatens to win with b6.} Ke6 {[%emt 0:01:30] [#] White must now prevent ...g5.} 46. b6 $2 (46. Rb3 $1 $18 {aiming for b6.} Kd6 47. Rxc3) 46... Kd7 $11 {[%emt 0:00:06] ...Rg1+ is the strong threat.} 47. b7 {[%emt 0:01:28] Intending Rb5 and mate.} Rg1+ 48. Kc2 Rxb1 49. Kxb1 {[%emt 0:00:06] KP-KP} Kc7 50. Kc2 Kxb7 51. Kxc3 Kc6 52. Kd2 h6 {[%emt 0:01:18] ( -> ...g5)} 53. h4 {[%emt 0:00:12][%cal Bh3h4,Bh4h5][%mdl 32] Against g5} Kd5 54. Ke2 {[%emt 0:00:31][%cal Oh4h5] h5! would kill now.} Kc4 $2 {[%emt 0:00:19][%mdl 8192] [#] Black is now going downhill.} (54... h5 $11) 55. h5 $1 {[%emt 0:02:15] White mates.} gxh5 56. Kf2 Kd5 57. Kg3 Ke6 58. Kh4 Kf6 59. Kxh5 {[%emt 0:00:05] K3P-K3P} Kg7 60. d5 Kf6 61. Kxh6 {[%emt 0:00:12] K3P-KPP} Ke7 62. Kg6 Kd6 63. Kxf5 Kxd5 {[%emt 0:00:04] KPP-KP} 64. Kf6 Kc4 65. Ke5 Kd3 66. f5 Kxe3 {[%emt 0:00:04] KP-KP} 67. f6 Kd3 68. f7 e3 69. f8=Q e2 70. Qf2 Kd2 71. Ke4 Kd1 72. Qd4+ Kc1 73. Qe3+ Kd1 74. Qd3+ Ke1 {[%emt 0:05:19][%mdl 32768] Weighted Error Value: White=0.15 (very precise) /Black=0.32. Sensor Board Error (Ke4/e5)?} 0-1

[Event "FRA-ch Teams Top 16-Bas 2022"]
[Site "Chartres"]
[Date "2022.06.16"]
[Round "8.9"]
[White "Sochacki, Christophe"]
[Black "Kirk, Ezra"]
[Result "1/2-1/2"]
[ECO "E63"]
[WhiteElo "2493"]
[BlackElo "2446"]
[Annotator "TA"]
[PlyCount "154"]
[EventDate "2022.06.16"]
[EventType "team-tourn"]
[EventCountry "FRA"]
[SourceTitle "playchess.com"]
[Source "ChessBase"]
[SourceQuality "1"]
[TimeControl "40/5400+30:1800+30"]

1. d4 Nf6 2. c4 g6 3. g3 Bg7 4. Bg2 O-O 5. Nf3 d6 6. O-O Nc6 7. Nc3 a6 {[%emt 0:00:58] 7...e5 is the modern continuation.} 8. Bf4 Bd7 {[%emt 0:02:16] E63: King's Indian: Fianchetto: Panno Variation with 7...a6.} 9. Rc1 Rb8 10. a3 Nh5 {[%emt 0:03:47] White is slightly better.} 11. Bg5 h6 12. Be3 {[%emt 0:00:04] [#]} e6 $146 ({Predecessor:} 12... e5 13. dxe5 dxe5 14. Qd2 Kh7 15. Rfd1 Be6 16. Nd5 f5 17. Qc2 Qc8 18. Nd2 Rf7 {½-½ (40) Silva,F (2256)-Pinzon,N (2226) ICCF email 2019}) 13. d5 Ne7 14. dxe6 Bxe6 15. c5 Nf5 {[%emt 0:05:56] [#]} 16. Bd2 {[%emt 0:00:08] g4 is the strong threat.} Ne7 (16... dxc5 $2 17. g4 $16) 17. cxd6 cxd6 18. Be3 Nf5 19. Bd2 Ne7 20. Be3 Nf5 21. Ba7 Ra8 22. Bd4 Nf6 $1 23. Qd2 Re8 24. b4 Rc8 25. e4 Nxd4 26. Nxd4 Bc4 27. Rfd1 b5 28. h3 Qb6 29. Kh2 Rc7 30. a4 Rec8 31. axb5 (31. a5 $5 Qa7 32. f4 $11) 31... axb5 32. Ra1 Bb3 {[%emt 0:06:50] This bishop pair is nice.} 33. Ncxb5 Bxd1 34. Nxc7 Rxc7 (34... Nxe4 35. Bxe4 Rxc7 36. Rxd1 $16) 35. Rxd1 Rc4 {[%emt 0:00:11][%cal Oc4d4] Strongly threatening ...Rxd4!} 36. e5 dxe5 37. Nc2 Bf8 38. b5 Ne4 (38... Qxb5 39. Bf1 Ne4 40. Qe3 $16 (40. Bxc4 Qxc4 41. Qd3 Qxd3 $14)) 39. Qe2 Qxf2 (39... Nxf2 $2 40. Rf1 Rc3 41. Rxf2 $18 (41. Qxf2 Qxf2 42. Rxf2 Bc5 $18)) 40. Qxf2 (40. Qxc4 $2 {perishes.} Qxg3+ 41. Kg1 Bc5+ 42. Nd4 (42. Kh1 $2 Nf2+ 43. Kg1 Nxh3+ 44. Kh1 Nf4 $19) 42... Qf2+ 43. Kh1 Ng3+ 44. Kh2 {[#]} Qf4 $1 $19) 40... Nxf2 41. Rd8 Rxc2 42. b6 Rb2 43. b7 Ne4 (43... Ng4+ $2 44. hxg4 Kg7 45. b8=Q $18) 44. b8=Q Rxb8 45. Rxb8 $11 {[%emt 0:00:02][%mdl 4096] Endgame KRB-KBN} Nd6 46. Bd5 Kg7 47. g4 f5 48. gxf5 gxf5 49. Kg3 Be7 50. Rg8+ Kf6 51. Rh8 Kg7 52. Rg8+ Kf6 53. Rh8 Kg7 54. Ra8 h5 55. Ra7 h4+ 56. Kf3 Kf6 57. Bg8 Nb5 58. Ra6+ Kg5 59. Bh7 e4+ 60. Kg2 Nd4 {[%emt 0:00:56] Threatens to win with ...e3.} 61. Ra5 Kf4 62. Ra1 Bf6 63. Rf1+ Kg5 64. Rd1 (64. Ra1 $15) 64... Be5 $17 65. Kf2 {[%emt 0:00:46] Against Ne2} Kf4 {[%emt 0:00:44] White must now prevent ...e3+.} 66. Kg2 $2 (66. Kf1 $17) 66... Kg5 $2 (66... e3 $19 67. Re1 Ke4) 67. Kf2 $15 Kh6 68. Bg8 f4 {[%emt 0:00:14] And now ...e3+ would win.} 69. Bd5 $1 e3+ 70. Kg2 Kg5 (70... e2 {feels hotter.} 71. Re1 Bd6 72. Bf3 Bb4) 71. Rxd4 Bxd4 $11 {[%emt 0:00:37] KB-KB. Black is better.} 72. Kf3 Kf6 73. Bc4 Ke5 74. Ba6 Bb6 75. Be2 Bc7 76. Ba6 Kd4 77. Be2 Ke5 {[%emt 0:00:20] Weighted Error Value: White=0.05 (flawless) /Black=0.02 (flawless)} (77... Kc3 $17 78. Bf1 Bd6) 1/2-1/2